 Dungeon Crawl Stone Soup version 0.18.1-8-gdd0e5ea (webtiles) character file.

7963 Marenglen the Basher (level 11, -7/89 HPs)
             Began as a Troll Arcane Marksman on May 23, 2016.
             Was a Priest of Dithmenos.
             Mangled by a manticore (18 damage)
             ... on level 11 of the Dungeon.
             The game lasted 00:38:04 (10709 turns).

Marenglen the Basher (Troll Arcane Marksman)       Turns: 10709, Time: 00:38:05

Health: -7/89      AC: 11    Str: 21    XL:     11   Next: 3%
Magic:  11/11      EV: 10    Int: 11    God:    Dithmenos [***...]
Gold:   441        SH:  0    Dex: 12    Spells: 2 memorised, 9 levels left

rFire  . . .     SeeInvis .     a - +4 flail (protect)
rCold  . . .     Gourm    +     (armour restricted)
rNeg   . . .     Faith    .     (no shield)
rPois  .         Spirit   .     (helmet restricted)
rElec  .         Dismiss  .     (no cloak)
rCorr  .         Reflect  .     (gloves unavailable)
SustAt .         Harm     .     (boots unavailable)
MR     .....                    o - amulet of rage
Stlth  +++.......               l - +2 ring of intelligence
                                C - +3 ring of protection

@: wreathed by umbra, not resistant to hostile enchantments, fairly stealthy
A: unfitting armour, claws 3, fast metabolism 3, gourmand, regeneration 2,
shaggy fur 1, tough skin 2
a: Shadow Step, Renounce Religion, Evoke Berserk Rage


You were on level 11 of the Dungeon.
You worshipped Dithmenos.
Dithmenos was most pleased with you.
You were very full.

You visited 1 branch of the dungeon, and saw 11 of its levels.
You also visited: Ice Cave.

You collected 608 gold pieces.
You spent 167 gold pieces at shops.

Inventory:

Hand Weapons
 a - a +4 flail of protection (weapon)
Missiles
 c - a throwing net
 x - 2 large rocks (quivered)
 E - 4 tomahawks
Jewellery
 d - an uncursed ring of fire
 l - a +2 ring of intelligence (right claw)
 n - an uncursed ring of ice
 o - an amulet of rage (around neck)
 C - a +3 ring of protection (left claw)
 J - an uncursed ring of flight
 M - an uncursed ring of see invisible
Wands
 h - a wand of slowing (19/48)
 k - a wand of polymorph (21/24)
 q - a wand of paralysis (8/24)
 H - a wand of digging (4/24)
Scrolls
 e - a scroll of teleportation
 w - 2 scrolls of enchant weapon
 A - a scroll of magic mapping
 F - 2 scrolls of amnesia
 I - 2 scrolls of remove curse
Potions
 i - 2 potions of brilliance
 j - 3 potions of lignification
 t - a potion of cure mutation
 u - a potion of curing
 v - 3 potions of flight
 D - 2 potions of cancellation
 K - 2 potions of ambrosia {unknown}
 L - a potion of might {unknown}
Books
 b - a book of Debilitation

   Spells                             Type                      Level
   a - Corona                         Hexes                        1
   b - Slow                           Hexes                        2
   c - Gell's Gravitas                Hexes/Translocation          3
   d - Inner Flame                    Hexes/Fire                   3
   e - Cause Fear                     Hexes                        4
   f - Leda's Liquefaction            Hexes/Earth                  4
Comestibles
 f - 8 bread rations
 g - 6 meat rations
 m - 5 slices of pizza
 p - 3 beef jerkies
 B - 14 fruits


   Skills:
 - Level 0.7 Fighting
 + Level 10.9 Maces & Flails
 - Level 7.0 Throwing
 + Level 2.3 Dodging
 - Level 4.5 Stealth
 - Level 3.8 Unarmed Combat
 - Level 1.0 Spellcasting
 - Level 4.1 Hexes


You had 9 spell levels left.
You knew the following spells:

 Your Spells              Type           Power        Failure   Level  Hunger
a - Corona                Hex            #......      10%         1    ##.....
b - Slow                  Hex            #.......     12%         2    ###....


Dungeon Overview and Level Annotations

Branches:
Dungeon (11/15)            Temple (0/1) D:5
   Lair: D:8-11         Orc: D:9-12

Altars:
Ashenzari
Cheibriados
Dithmenos
Fedhas
Makhleb
Okawaru
Pakellas
Qazlal
Ru
Sif Muna
Xom
Yredelemnul

Shops:
D:5 %   D:6 *

Annotations:
D:6 exclusion: door
D:7 1 exclusion
D:8 exclusions: electric eel and 3 more exclusions
D:11 exclusion: hydra


Innate Abilities, Weirdness & Mutations

You are too large for most types of armour.
You have claws for hands.
Your metabolism is lightning-fast.
You like to eat raw meat.
You heal very quickly.
You are covered in fur (AC +1).
You have very tough skin (AC +2).


Message History

The manticore bites you!!
* * * LOW HITPOINT WARNING * * *
The manticore claws you!
* * * LOW HITPOINT WARNING * * *
The manticore claws you but does no damage.
Drink which item? (? for menu, Esc to quit)
You feel better. The manticore closely misses you.
The manticore claws you but does no damage.
The manticore claws you.
* * * LOW HITPOINT WARNING * * *
Read which item? (? for menu, Esc to quit)
Okay, then.
Drink which item? (? for menu, Esc to quit)
You feel better.
The manticore bites you but does no damage.
The manticore barely misses you. The manticore claws you!
* * * LOW HITPOINT WARNING * * *
Drink which item? (? for menu, Esc to quit)
You feel better. The manticore bites you!!
You die...

##.####
##......# #.#
#### ###....#
#.# #.<# ###..#
#.# #.## #..#
#.# #.# #.^#
#.# #[# #..#
##.####.#
######..#
.......[#
#.H#....#
##.####.#
#@.#..### #.#
#.##### #..#)##
##.#
#.#...####..#.#
...#
#.#.#.......#.#
####
###.###.###.#.#
###
#.#.......#.#
Z.#
#.###.#####.#
#.# ####.######
#.# #.#
#.......#.##
#.#


You could see a manticore.

Vanquished Creatures
  Nergalle (D:11)
  2 hill giants (D:11)
  3 trolls
  Prince Ribbit (D:6)
  Sigmund (D:6)
  A hippogriff (D:7)
  Grum (D:11)
  Menkaure (D:6)
  A water moccasin (D:10)
  5 ice beasts
  A wasp (D:10)
  An eye of draining (D:10)
  2 sky beasts
  2 ogres
  4 centaurs
  2 necrophages
  5 wolves
  Blork the orc (D:6)
  A big kobold (D:10)
  4 giant frogs
  2 scorpions
  6 killer bees (D:7)
  An electric eel (D:10)
  A howler monkey (D:6)
  10 crimson imps
  A jelly (D:9)
  A giant frog zombie (D:10)
  A wasp zombie (D:11)
  2 orc priests
  14 hounds
  10 orc wizards
  2 centaur skeletons
  2 iguanas (D:4)
  8 worker ants
  A killer bee zombie (D:9)
  A hound skeleton (D:4)
  5 gnolls
  A howler monkey skeleton (D:9)
  11 adders
  4 shadow imps
  12 white imps (D:11)
  An adder zombie (D:3)
  An adder skeleton (D:8)
  A worm (D:3)
  3 dart slugs
  3 giant geckos
  49 orcs
  2 ball pythons
  7 giant cockroaches
  5 goblins
  9 hobgoblins
  17 jackals
  5 quokkas
  6 bats
  A giant gecko skeleton (D:5)
  8 giant newts
  9 kobolds
  2 quokka skeletons
  8 rats
273 creatures vanquished.

Vanquished Creatures (others)
  A hungry ghost (D:5)
1 creature vanquished.

Grand Total: 274 creatures vanquished

Notes
Turn   | Place    | Note
--------------------------------------------------------------
     0 | D:1      | Marenglen the Troll Arcane Marksman began the quest for the Orb.
     0 | D:1      | Reached XP level 1. HP: 18/18 MP: 1/1
   184 | D:1      | Reached skill level 1 in Unarmed Combat
   334 | D:1      | Reached XP level 2. HP: 26/26 MP: 2/2
   747 | D:2      | Reached XP level 3. HP: 18/32 MP: 3/3
  1050 | D:2      | Learned a level 2 spell: Slow
  1084 | D:2      | Reached XP level 4. HP: 40/40 MP: 4/4
  1280 | D:3      | Found a shattered altar of Ashenzari.
  1372 | D:3      | HP: 3/60 [adder (3)]
  1376 | D:3      | HP: 1/60 [poisoned by an adder]
  1381 | D:3      | HP: 1/60 [poisoned by an adder]
  1388 | D:3      | HP: 2/60 [poisoned by an adder]
  1606 | D:3      | Noticed Grinder
  1698 | D:4      | Reached XP level 5. HP: 46/46 MP: 5/5
  1893 | D:4      | Found a shimmering altar of Xom.
  1934 | D:4      | Reached XP level 6. HP: 53/54 MP: 6/6
  2123 | D:4      | Found an iron altar of Okawaru.
  2323 | D:4      | Found a snail-covered altar of Cheibriados.
  2326 | D:4      | Found a shadowy altar of Dithmenos.
  2329 | D:4      | Found a basalt altar of Yredelemnul.
  2335 | D:4      | Became a worshipper of Dithmenos the Shadowed
  2461 | D:4      | Found a burning altar of Makhleb.
  2559 | D:5      | Entered Level 5 of the Dungeon
  2628 | D:5      | Found an oddly glowing altar of Pakellas.
  2628 | D:5      | Noticed a hungry ghost
  2649 | D:5      | Killed a hungry ghost
  2675 | D:5      | Found a staircase to the Ecumenical Temple.
  2683 | D:5      | Reached XP level 7. HP: 61/61 MP: 7/7
  2730 | D:5      | Reached skill level 1 in Maces & Flails
  2831 | D:3      | Paralysed by Grinder for 7 turns
  2840 | D:3      | Paralysed by Grinder for 6 turns
  2848 | D:3      | Noticed Grinder
  2848 | D:3      | Grinder changed into Grinder the crimson imp
  2858 | D:3      | Killed Grinder the crimson imp
  3083 | D:5      | Found Zekul's Food Emporium.
  3109 | D:5      | Reached skill level 2 in Maces & Flails
  3645 | D:3      | Reached skill level 3 in Maces & Flails
  3736 | D:3      | Found a stormy altar of Qazlal.
  4239 | D:5      | Reached * piety under Dithmenos
  4263 | D:6      | Noticed Sigmund
  4271 | D:6      | Killed Sigmund
  4271 | D:6      | Reached skill level 4 in Maces & Flails
  4271 | D:6      | Reached XP level 8. HP: 62/68 MP: 8/8
  4358 | D:6      | Found Hippusof's Assorted Antiques.
  4364 | D:6      | Bought a scroll of identify for 38 gold pieces
  4364 | D:6      | Bought a bubbling red potion for 17 gold pieces
  4364 | D:6      | Bought a fuming orange potion for 17 gold pieces
  4364 | D:6      | Bought a scroll of identify for 38 gold pieces
  4364 | D:6      | Bought a scroll of teleportation for 57 gold pieces
  4401 | D:6      | Found a blossoming altar of Fedhas.
  4481 | D:6      | Found a deep blue altar of Sif Muna.
  4666 | D:6      | Noticed Menkaure
  4667 | D:6      | Killed Menkaure
  4667 | D:6      | Reached skill level 5 in Maces & Flails
  4807 | D:6      | Noticed Prince Ribbit
  4814 | D:6      | Killed Prince Ribbit
  4814 | D:6      | Reached skill level 5 in Throwing
  4915 | D:6      | Reached skill level 6 in Maces & Flails
  5040 | D:6      | Noticed Blork the orc
  5047 | D:6      | Killed Blork the orc
  5470 | D:7      | Reached skill level 7 in Maces & Flails
  5470 | D:7      | Reached XP level 9. HP: 53/75 MP: 9/9
  6134 | D:7      | Reached ** piety under Dithmenos
  6134 | D:7      | Reached skill level 8 in Maces & Flails
  6664 | D:8      | Noticed a troll
  6684 | D:8      | Killed a troll
  6940 | D:8      | Reached skill level 9 in Maces & Flails
  7241 | D:8      | Reached skill level 1 in Stealth
  7588 | D:9      | Reached XP level 10. HP: 83/83 MP: 10/10
  8380 | D:10     | Entered Level 10 of the Dungeon
  9009 | D:10     | Found a sacrificial altar of Ru.
  9322 | D:10     | Reached skill level 10 in Maces & Flails
  9392 | D:11     | Reached *** piety under Dithmenos
  9486 | D:11     | Found a frozen archway.
  9486 | D:11     | Noticed a red ugly thing
  9646 | D:11     | Noticed a hill giant
  9663 | D:11     | Killed a hill giant
  9687 | D:11     | Noticed Nergalle
  9793 | D:11     | Noticed a hill giant
  9810 | D:11     | Killed a hill giant
  9867 | IceCv    | Entered an ice cave
 10203 | D:11     | Noticed Grum
 10267 | D:11     | Killed Grum
 10371 | D:11     | Killed Nergalle
 10371 | D:11     | Reached XP level 11. HP: 89/89 MP: 11/11
 10408 | D:11     | Noticed a green ugly thing
 10574 | D:11     | Noticed a five-headed hydra
 10706 | D:11     | HP: 1/89 [manticore (10)]
 10709 | D:11     | Mangled by a manticore

Skill      XL: |  1  2  3  4  5  6  7  8  9 10 |
---------------+-------------------------------+-----
Unarmed Combat | 1 2 3 |  3.8
Hexes          | 3 4 |  4.1
Throwing       | 2 3 4 5 7 |  7.0
Maces & Flails | 4 7 9 10 | 10.9
Stealth        | 1 4 |  4.5
Dodging        | 2 |  2.3
Fighting       | |  0.7
Spellcasting   | |  1.0

Action                   |  1- 3 |  4- 6 |  7- 9 | 10-12 || total
-------------------------+-------+-------+-------+-------++-------
Melee: Unarmed           |   102 |   212 |       |       ||   314
       Punch             |     2 |     2 |     8 |     7 ||    19
       Flail             |       |     7 |   452 |   366 ||   825
Throw: Large rock        |     4 |    15 |    20 |     9 ||    48
       Throwing net      |     2 |     1 |     9 |       ||    12
 Cast: Slow              |       |     1 |    11 |     7 ||    19
       Corona            |       |       |     8 |     7 ||    15
Evoke: Wand              |       |       |     3 |     4 ||     7
  Use: Potion            |     1 |     1 |     4 |    10 ||    16
       Scroll            |       |     7 |    14 |     7 ||    28
 Stab: Invisible         |       |       |     1 |     1 ||     2
       Held in net/web   |       |       |     3 |       ||     3
       Sleeping          |       |       |     1 |     3 ||     4
       Paralysed         |       |       |       |    13 ||    13
  Eat: Chunk             |    16 |    14 |    49 |    30 ||   109
Armor: Skin              |    22 |    61 |   271 |   141 ||   495
Dodge: Dodged            |    53 |   121 |   205 |   240 ||   619
